 Dungeon Crawl Stone Soup version 0.20.1-1-g8b1a95d (webtiles) character file.

111 ReignOfFire the Slasher (level 4, -1/34 HPs)
             Began as a Demonspawn Gladiator on July 25, 2017.
             Splashed by a jelly's acid (5 damage)
             ... on level 3 of the Dungeon.
             The game lasted 00:01:54 (1866 turns).

ReignOfFire the Slasher (Demonspawn Gladiator)      Turns: 1866, Time: 00:01:55

Health: -1/34      AC: -2    Str: 15    XL:     4   Next: 62%
Magic:  4/4        EV: 13    Int:  9    God:
Gold:   84         SH:  0    Dex: 15    Spells: 3/3 levels left

rFire    . . .     SeeInvis .   a - +0 long sword
rCold    . . .     Gourm    .   (no shield)
rNeg     . . .     Faith    .   b - +0 leather armour
rPois    .         Spirit   .   c - +0 helmet
rElec    .         Reflect  .   (no cloak)
rCorr    .         Harm     .   i - +0 pair of gloves
MR       .....                  (no boots)
Stlth    +.........             (no amulet)
Regen    0.2/turn               (no ring)
MPRegen  0.1/turn               (no ring)

@: corroded
A: claws 1, hooves 1, demonic guardian 1
a: no special abilities


You were on level 3 of the Dungeon.
You were very hungry.

You visited 1 branch of the dungeon, and saw 3 of its levels.

You collected 84 gold pieces.

Inventory:

Hand Weapons
 a - a +0 long sword (weapon)
Missiles
 d - 3 throwing nets (quivered)
Armour
 b - a +0 leather armour (worn)
 c - a +0 helmet (worn)
 i - a +0 pair of gloves (worn)
Scrolls
 e - a scroll of recharging {unknown}
 g - 3 scrolls of identify {unknown}
 l - a scroll of remove curse {unknown}
 m - a scroll of enchant weapon {unknown}
 q - a scroll of fear {unknown}
Potions
 j - 3 potions of brilliance {unknown}
 k - a potion of haste {unknown}
 n - 2 potions of curing {unknown}
 o - a potion of invisibility {unknown}
Comestibles
 f - 2 bread rations
 h - 3 royal jellies
 p - a meat ration


   Skills:
 + Level 2.4 Fighting
 + Level 4.1 Long Blades
 + Level 2.1 Throwing
 + Level 0.6 Armour
 + Level 3.1 Dodging
 + Level 0.2 Stealth


You had 3 spell levels left.
You didn't know any spells.

Dungeon Overview and Level Annotations

Branches:
Dungeon (3/15)

Altars:


Innate Abilities, Weirdness & Mutations

You have sharp fingernails.
You have large cloven feet.
A weak demonic guardian rushes to your aid.


Message History

You are too injured to fight recklessly!
You are too injured to fight recklessly!
You are too injured to fight recklessly!
You are too injured to fight recklessly!
You are too injured to fight recklessly!
You are too injured to fight recklessly!
You are too injured to fight recklessly!
You are too injured to fight recklessly!
Unknown command.
Your leather armour prevents you from hitting the jelly.
The jelly is severely wounded.
The jelly misses you.
You riposte.
You hit the jelly but do no damage. You kick the jelly, but do no damage.
The jelly is severely wounded.
You barely miss the jelly. You kick the jelly, but do no damage.
The jelly is severely wounded.
The jelly hits you.
You are splashed with acid!
The acid burns!
* * * LOW HITPOINT WARNING * * *
You hit the jelly but do no damage. The acid corrodes you!
Your hands burn!
You die...

#.....# #.# .....# #.###.###
##+######## #.#.....#
##...## ##...###.###.....##
####....#%#..........##
#.....###.###.........####..
#.#...# ..#.........'.^...
#.#.### #J###.......####..
#.#.#?.. #@.!#......##
#.#.###.###.###.....##
#.#...#.....#......##
#.....###.###.###'##
#####...#.#...# #.#
###.#.#.#.### #.#
#.........# ##.##
#.#.###.#.####...## #.#.#
#..#.##.....#


You could see a jelly.

Vanquished Creatures
  A hound (D:3)
  3 adders (D:2)
  An ooze (D:1)
  2 dart slugs
  2 leopard geckos
  2 ball pythons (D:1)
  7 bats
  3 giant cockroaches
  4 goblins
  2 hobgoblins
  4 kobolds
  5 frilled lizards
  10 rats
46 creatures vanquished.

Notes
Turn   | Place    | Note
-------+----------+-------------------------------------------
     0 | D:1      | ReignOfFire the Demonspawn Gladiator began the quest for the Orb.
     0 | D:1      | Reached XP level 1. HP: 16/16 MP: 1/1
    91 | D:1      | Reached skill level 3 in Long Blades
   182 | D:1      | Gained mutation: A weak demonic guardian rushes to your aid. [demonic ancestry]
   182 | D:1      | Reached XP level 2. HP: 22/22 MP: 2/2
   589 | D:2      | Gained mutation: You have sharp fingernails. [demonic ancestry]
   589 | D:2      | Reached XP level 3. HP: 14/27 MP: 3/3
  1182 | D:2      | Found a faded altar of an unknown god.
  1389 | D:2      | Gained mutation: You have large cloven feet. [demonic ancestry]
  1389 | D:2      | Reached XP level 4. HP: 8/34 MP: 4/4
  1729 | D:3      | Reached skill level 4 in Long Blades
  1866 | D:3      | Splashed by a jelly's acid

Skill      XL: |  1  2  3  4 |
---------------+-------------+-----
Long Blades    | 3 4 |  4.1
Throwing       | 2 |  2.1
Dodging        | 3 |  3.1
Fighting       | |  2.4
Armour         | |  0.6
Stealth        | |  0.2

Action                   |  1- 3 |  4- 6 || total
-------------------------+-------+-------++-------
Melee: Long sword        |    99 |    27 ||   126
       Kick              |       |     8 ||     8
  Use: Potion            |       |     1 ||     1
 Stab: Sleeping          |       |     1 ||     1
  Eat: Chunk             |     1 |     1 ||     2
Armor: Leather armour    |    28 |    13 ||    41
Dodge: Dodged            |    74 |    29 ||   103
       Rpst.: Long sword |    21 |     7 ||    28
